 Dungeon Crawl Stone Soup version 0.17-a0-1939-ga475588 (webtiles) character file.

194 prog the Gusty (level 5, -2/34 HPs)
             Began as a High Elf Air Elementalist on Sept 29, 2015.
             Killed from afar by an orc wizard (10 damage)
             ... with a puff of frost
             ... on level 3 of the Dungeon.
             The game lasted 00:25:58 (2797 turns).

prog the Gusty (High Elf Air Elementalist)          Turns: 2797, Time: 00:25:58

Health: -2/34      AC:  3    Str:  7    XL:     5   Next: 44%
Magic:  1/12       EV: 13    Int: 19    God:
Gold:   150        SH:  0    Dex: 16    Spells: 4 memorised, 5 levels left

rFire  . . .     SeeInvis .     (no weapon)
rCold  . . .     Clarity  .     a - +0 robe
rNeg   . . .     SustAt   .     (no shield)
rPois  .         Gourm    +     (no helmet)
rElec  .         Spirit   .     u - +0 cloak (curse)
rCorr  .         Warding  .     (no gloves)
rMut   .         Stasis   .     (no boots)
MR     .....                    i - amulet of the gourmand
Stlth  ++........               (no ring)
                                (no ring)

@: very slightly contaminated, not resistant to hostile enchantments, unstealthy
A: no striking features
a: no special abilities


You were on level 3 of the Dungeon.
You were hungry.

You visited 1 branch of the dungeon, and saw 3 of its levels.

You collected 150 gold pieces.

Inventory:

Armour
 a - a +0 robe (worn)
 e - a +0 cloak
 u - a cursed +0 cloak (worn)
Jewellery
 i - an amulet of the gourmand (around neck)
 t - an uncursed amulet of resist corrosion
Scrolls
 d - a scroll of random uselessness {unknown}
 f - 2 scrolls of remove curse {unknown}
 g - a scroll of enchant weapon {unknown}
 k - 2 scrolls of identify {unknown}
 n - 2 scrolls of teleportation {unknown}
 q - a scroll of fear {unknown}
 s - 2 scrolls of noise
Potions
 h - 2 potions of curing {unknown}
 m - a potion of ambrosia {unknown}
 o - 2 potions of flight {unknown}
 r - a potion of mutation {unknown}
Books
 b - a book of Air

   Spells                             Type                      Level
   a - Shock                          Conjuration/Air              1
   b - Swiftness                      Charms/Air                   2
   c - Repel Missiles                 Charms/Air                   2
   d - Static Discharge               Conjuration/Air              3
   e - Lightning Bolt                 Conjuration/Air              5
Comestibles
 c - a bread ration
 j - 2 chunks of flesh
 l - a slice of pizza
 p - 2 meat rations


   Skills:
 + Level 2.1 Fighting
 + Level 3.3 Dodging
 - Level 2.1 Stealth
 * Level 4.5 Spellcasting
 - Level 1.1 Conjurations
 + Level 4.6 Air Magic


You had 5 spell levels left.
You knew the following spells:

 Your Spells              Type           Power        Failure   Level  Hunger
a - Shock                 Conj/Air       ###.         6%          1    None
b - Static Discharge      Conj/Air       ###.....     14%         3    ###....
c - Swiftness             Chrm/Air       ##......     10%         2    #......
d - Repel Missiles        Chrm/Air       ##....       10%         2    #......


Dungeon Overview and Level Annotations

Branches:
Dungeon (3/15)

Altars:


Message History

Aiming: Shock
Press: ? - help, Shift-Dir - straight line The zap hits something.
Casting: Shock
Confirm with . or Enter, or press ? or * to list all spells.
Aiming: Shock
Press: ? - help, Shift-Dir - straight line The zap hits something.
Something hits you but does no damage. Something hits you.
You closely miss something. Something hits you.
You closely miss something.
You hear some strange, mumbled words.
A magic dart appears from out of thin air!
The magic dart hits you!
* * * LOW HITPOINT WARNING * * *
Something hits you but does no damage.
You hear some strange, mumbled words.
A puff of frost appears from out of thin air!
The puff of frost hits you!
You die...

##...##
############.....##
#.............(....
#.##########.......
#.# ##...#.# #.#
##.##.# #.# ####.#
#.## #.. #.@# ###
##.# ####### #)#
#.....# #.# #.....#
#)# #.....# #.#
#.....# #.# #.....#
#.. ###.####### ...
#......##


There were no monsters in sight!

Vanquished Creatures
  A giant frog (D:3)
  An orc priest (D:3)
  4 adders
  2 oozes
  3 giant geckos
  An orc (D:3)
  A ball python (D:1)
  3 bats
  7 giant cockroaches
  3 goblins
  9 hobgoblins
  4 giant newts
  4 jackals
  5 kobolds (D:1)
  10 rats
58 creatures vanquished.

Notes
Turn   | Place    | Note
--------------------------------------------------------------
     0 | D:1      | prog the High Elf Air Elementalist began the quest for the Orb.
     0 | D:1      | Reached XP level 1. HP: 11/11 MP: 4/4
     2 | D:1      | Found a runed door.
   400 | D:1      | Reached XP level 2. HP: 18/18 MP: 4/6
  1096 | D:1      | Reached XP level 3. HP: 19/22 MP: 2/8
  1239 | D:1      | Learned a level 3 spell: Static Discharge
  1242 | D:1      | Learned a level 2 spell: Swiftness
  1245 | D:1      | Learned a level 2 spell: Repel Missiles
  1568 | D:1      | Reached skill level 1 in Fighting
  1625 | D:1      | Reached skill level 4 in Air Magic
  2092 | D:2      | Reached XP level 4. HP: 28/28 MP: 4/10
  2588 | D:3      | Noticed a giant frog
  2595 | D:3      | Killed a giant frog
  2595 | D:3      | Reached XP level 5. HP: 25/34 MP: 6/12
  2797 | D:3      | Killed from afar by an orc wizard

Vault maps used:
D:1:      dpeg_arrival_caged_fury
D:3:      nicolae_qazlal_general_emergency, grunt_ministairs_5

Action                   |  1- 3 |  4- 6 || total
-------------------------+-------+-------++-------
Melee: Unarmed           |    16 |     2 ||    18
 Cast: Shock             |    85 |    27 ||   112
       Static Discharge  |     1 |     2 ||     3
  Use: Scroll            |       |     1 ||     1
  Eat: Chunk             |     3 |     2 ||     5
